 Dungeon Crawl Stone Soup version 0.29-a0-275-g389c0b56f3 (webtiles) character file.

Game seed: 15586642493097796862

5321 avis the Grappler (level 10, -4/88 HPs)
             Began as a Hill Orc Transmuter on Mar 12, 2022.
             Was an Elder of Beogh.
             Slain by a yak (12 damage)
             ... on level 8 of the Dungeon on Mar 13, 2022.
             The game lasted 01:03:03 (11124 turns).

avis the Grappler (Hill Orc Transmuter)            Turns: 11124, Time: 01:03:03

Health: -4/88      AC:  6    Str: 16    XL:     10   Next: 64%
Magic:  3/14       EV: 11    Int: 15    God:    Beogh [****..]
Gold:   23         SH:  4    Dex: 11    Spells: 7/15 levels left

rFire   . . .      SeeInvis .   b - +2 hunting sling (flame)
rCold   + . .      Faith    .   e - +0 buckler
rNeg    + . .      Spirit   .   c - +2 leather armour {rC+}
rPois   .          Reflect  .   (no helmet)
rElec   .          Harm     .   (no cloak)
rCorr   .          Rampage  .   u - +0 pair of gloves
Will    .....                   (no boots)
Stlth   +.........              q - amulet of regeneration
HPRegen 1.04/turn               l - ring of wizardry
MPRegen 0.14/turn               f - ring of positive energy

@: very slightly contaminated
A: no striking features
a: Renounce Religion, Smiting, Recall Orcish Followers


You were on level 8 of the Dungeon.
You worshipped Beogh.
Beogh was greatly pleased with you.
You visited 2 branches of the dungeon, and saw 9 of its levels.
You also visited: Sewer.

You collected 337 gold pieces.
You spent 314 gold pieces at shops.

Inventory:

Hand Weapons
 b - a +2 hunting sling of flaming (weapon)
 d - a +0 spear
 s - a +0 trident
 C - a +0 shortbow
 N - a +0 shortbow
Missiles
 o - 24 poisoned darts
 A - 3 boomerangs
 D - 3 datura-tipped darts
 L - 26 stones
 M - a throwing net
Armour
 c - a +2 leather armour of cold resistance (worn)
 e - a +0 buckler (worn)
 u - a +0 pair of gloves (worn)
 y - a +0 leather armour of cold resistance
Jewellery
 f - a ring of positive energy (right hand)
 l - a ring of wizardry (left hand)
 n - a ring of see invisible
 q - an amulet of regeneration (around neck)
 F - a ring of flight
Wands
 x - a wand of iceblast (18)
Scrolls
 g - a scroll of acquirement {unknown}
 h - 2 scrolls of torment {unknown}
 i - 3 scrolls of teleportation {unknown}
 m - 4 scrolls of identify {unknown}
 p - 3 scrolls of immolation {unknown}
 r - 2 scrolls of fog {unknown}
 t - a scroll of enchant weapon {unknown}
 v - a scroll of holy word {unknown}
 w - 3 scrolls of enchant armour {unknown}
 E - 2 scrolls of summoning {unknown}
 V - a scroll of blinking {unknown}
 Z - a scroll of fear {unknown}
Potions
 a - 2 potions of ambrosia {unknown}
 z - 3 potions of invisibility
 B - a potion of berserk rage {unknown}
 G - a potion of haste {unknown}
 H - a potion of cancellation {unknown}
 I - a potion of resistance {unknown}
 J - a potion of might {unknown}
 K - a potion of lignification


   Skills:
 - Level 8.0 Fighting
 - Level 5.0 Armour
 - Level 3.0 Dodging
 - Level 4.0 Shields
 * Level 10.3 Unarmed Combat
 - Level 3.0 Spellcasting
 - Level 4.0 Transmutations
 - Level 4.0 Ice Magic
 - Level 2.0 Poison Magic
 - Level 3.0 Invocations


You had 7 spell levels left.
You knew the following spells:

 Your Spells              Type           Power      Damage    Failure   Level
a - Beastly Appendage     Tmut           28%        N/A       2%          1
p - Spider Form           Tmut/Pois      11%        N/A       11%         3
q - Ice Form              Ice/Tmut       14%        N/A       24%         4

Your spell library contained the following spells:

 Spells                   Type           Power      Damage    Failure   Level
 Wereblood                Tmut           14%        N/A       3%          2


Dungeon Overview and Level Annotations

Branches:
Dungeon (8/15)             Temple (1/1) D:4           Sewer (visited)
   Lair: D:8-11

Altars:
Elyvilon
Nemelex Xobeh
Xom
Yredelemnul

Shops:
D:3 (!*![   D:5 *[


Message History

The steam dragon barely misses you. The yak gores you!
* * * LOW HITPOINT WARNING * * *
The yak misses you. The yak attacks as you move away!
The yak completely misses you.
Your orc warrior hits something with a +0 flail.
You swap places.
Your orc warrior hits something with a +0 flail!
Something barely misses your orc warrior.
You feel better.
Your orc warrior hits something with a +0 flail.
The steam dragon misses you. The steam dragon barely misses you.
You hit the steam dragon.
The steam dragon is poisoned.
The steam dragon is almost dead.
Your orc warrior barely misses the yak.
You bite the steam dragon!
You kill the steam dragon!
Beogh accepts your kill.
Your transformation is almost over.
The yak gores your orc warrior!
Your orc warrior hits the yak with a +0 flail!
The yak gores your orc warrior but does no damage.
Your orc warrior hits the yak with a +0 flail!
The yak attacks as you move away! The yak gores you!
* * * LOW HITPOINT WARNING * * *
Beogh accepts your kill.
You feel a bit more experienced. The yak attacks as you move away!
The yak closely misses you.
You hit the yak.
The yak is poisoned.
The yak is lightly wounded.
The yak gores you!
* * * LOW HITPOINT WARNING * * *
Your transformation has ended.
Your +2 hunting sling of flaming unmelds from your body.
Your +0 pair of gloves unmelds from your body.
Your +0 buckler unmelds from your body.
Your +2 leather armour of cold resistance unmelds from your body.
Your +2 hunting sling of flaming bursts into flame!
You feel resistant to cold. The yak attacks as you move away!
The yak gores you!
You die...

#.#...###.# ########..###.##.#
### ..........# #.##.#######.##
######.#o###.##....[...#.#
#.##...###########.## ##.######
#... ##.#o## #### ##o###Y## #
##.## ##@## # ###### #.## ##.# #
......##..## ##..########### #
...#...#†#o###.#...........#####
........†.Y.#o..................
...#...#)###.###.#########.#####
##.##..##.# #.# #<# #. ##.##.#
#.# ##.# # #....# #.# #..#


You could see a yak (poisoned, ally target) and a friendly orc warrior.

Vanquished Creatures
  Prince Ribbit (D:8)
  A wraith (D:7)
  6 yaks
  A wyvern (D:8)
  A steam dragon (D:8)
  A water moccasin (D:6)
  3 sky beasts
  2 ice beasts
  An orc warrior (D:7)
  Pargi (Sewer)
  2 black bears
  4 ogres
  6 centaurs
  3 phantoms
  2 kobold brigands (D:6)
  4 bullfrogs
  A gnoll sergeant (D:6)
  2 scorpions
  A necrophage (D:3)
  5 wights (D:7)
  3 hounds
  An orc priest (D:7)
  A gnoll shaman (D:6)
  2 jellies
  Natasha (thrice) (D:3)
  4 iguanas
  2 orc wizards
  11 adders
  10 gnolls
  A river rat (D:6)
  A shadow imp (D:8)
  A white imp (D:7)
  2 ufetubi
  4 worms
  A dart slug (D:3)
  14 orcs
  5 endoplasms
  3 giant cockroaches
  6 hobgoblins
  6 jackals
  4 quokkas
  11 ball pythons
  5 bats
  7 frilled lizards
  7 goblins
  15 kobolds
  6 rats
184 creatures vanquished.

Vanquished Creatures (collateral kills)
  3 yaks
  A sky beast (D:7)
  A hound (D:7)
  An iguana (D:7)
  An orc (D:8)
7 creatures vanquished.

Vanquished Creatures (others)
  An orc warrior (D:7)
  An orc priest (D:7)
  An orc wizard (D:8)
  6 orcs
  2 plants (D:4)
11 creatures vanquished.

Grand Total: 202 creatures vanquished

Notes
Turn   | Place    | Note
-------+----------+-------------------------------------------
     0 | D:1      | avis the Hill Orc Transmuter began the quest for the Orb.
     0 | D:1      | Reached XP level 1. HP: 16/16 MP: 3/3
   305 | D:1      | Reached XP level 2. HP: 13/25 MP: 2/4
   791 | D:1      | Found a faded altar of an unknown god.
  1516 | D:2      | Became a worshipper of Beogh the Brigand
  1701 | D:2      | Reached XP level 3. HP: 31/31 MP: 5/5
  1705 | D:2      | Learned a level 3 spell: Spider Form
  1848 | D:2      | Reached skill level 4 in Unarmed Combat
  2236 | D:2      | Reached skill level 1 in Poison Magic
  2545 | D:2      | Reached XP level 4. HP: 37/38 MP: 4/6
  3213 | D:3      | Found Ycitor's Assorted Antiques.
  3216 | D:3      | Found Zyin's Distillery.
  3233 | D:3      | Noticed a necrophage
  3258 | D:3      | Killed a necrophage
  3259 | D:3      | Reached skill level 5 in Unarmed Combat
  3259 | D:3      | Reached XP level 5. HP: 38/45 MP: 5/7
  3434 | D:3      | Found Mempamud's Antique Armour Boutique.
  3506 | D:3      | Found Jioharaff's Distillery.
  3686 | D:3      | Found Furgh's Antique Weapon Boutique.
  3747 | D:3      | Noticed Natasha
  3754 | D:3      | Killed Natasha
  4037 | D:3      | Reached * piety under Beogh
  4171 | D:3      | Found a shimmering altar of Xom.
  4300 | D:3      | Noticed Natasha
  4308 | D:3      | Killed Natasha
  4384 | D:3      | Noticed Natasha
  4393 | D:3      | Killed Natasha
  4394 | D:3      | Reached XP level 6. HP: 52/52 MP: 4/8
  4399 | D:3      | Learned a level 4 spell: Ice Form
  4878 | D:4      | Noticed a black bear
  4887 | D:4      | Killed a black bear
  4888 | D:4      | Reached skill level 5 in Fighting
  5067 | D:4      | Found a staircase to the Ecumenical Temple.
  5074 | Temple   | Entered the Ecumenical Temple
  5129 | D:4      | Reached XP level 7. HP: 61/61 MP: 10/10
  5247 | D:4      | Reached skill level 1 in Shields
  5320 | D:3      | Bought a runed leather armour for 120 gold pieces
  5690 | D:4      | Reached ** piety under Beogh
  6031 | D:5      | Entered Level 5 of the Dungeon
  6216 | D:5      | Found Nynel's Antique Armour Boutique.
  6270 | D:5      | Reached XP level 8. HP: 68/68 MP: 7/11
  6479 | D:5      | Reached skill level 6 in Unarmed Combat
  6835 | D:5      | Found a white marble altar of Elyvilon.
  6847 | D:5      | Reached skill level 7 in Unarmed Combat
  6847 | D:5      | Reached skill level 1 in Ice Magic
  7107 | D:5      | Found Honal's CLEARANCE SALE!.
  7617 | D:6      | Found a glowing drain.
  7656 | Sewer    | Entered a sewer
  7869 | Sewer    | Noticed Pargi
  7876 | Sewer    | Killed Pargi
  7877 | Sewer    | Reached XP level 9. HP: 75/75 MP: 3/12
  8514 | D:6      | Reached skill level 1 in Invocations
  8819 | D:6      | Reached *** piety under Beogh
  8936 | D:7      | Reached skill level 8 in Unarmed Combat
  9202 | D:7      | Found a sparkling altar of Nemelex Xobeh.
  9215 | D:7      | Reached skill level 9 in Unarmed Combat
  9371 | D:7      | Reached skill level 1 in Armour
  9371 | D:7      | Reached XP level 10. HP: 86/86 MP: 6/14
  9392 | D:7      | Reached skill level 5 in Armour
  9553 | D:3      | Bought a glowing leather armour for 120 gold pieces
  9647 | D:3      | Bought a potion of degeneration for 14 gold pieces
  9677 | D:3      | Bought a potion of curing for 30 gold pieces
  9677 | D:3      | Bought a potion of attraction for 30 gold pieces
 10864 | D:8      | Noticed Prince Ribbit
 10877 | D:8      | Killed Prince Ribbit
 11050 | D:8      | Reached **** piety under Beogh
 11107 | D:8      | Reached skill level 10 in Unarmed Combat
 11109 | D:8      | HP: 1/88 [yak (12)]
 11119 | D:8      | HP: 4/88 [yak (9)]
 11124 | D:8      | Slain by a yak

Illustrated notes

Levels and vault maps discovered:
D:1:      lightli_arrival_windingriver, layout_basic,
          ebering_ecumenical_altar_hall, minmay_circled_x
D:2:      layout_loops_ring, kennysheep_donut
D:3:      layout_loops_ring, tgw_xom, serial_shops, nicolae_shop_crystal,
          shop_fountains, nicolae_shop_hallway_plus,
          nicolae_shop_window_shopping, nicolae_shop_crystal, uniq_natasha
D:4:      black_bear_nest_1, layout_loops_ring, minmay_temple_entry_tees,
          saegor_snake_ambush
D:5:      layout_loops_corners, elyvilon_altar_5, serial_shops,
          nicolae_shop_waterfront, nicolae_shop_clearance
D:6:      layout_rooms, portal_sewer_entry_a
D:7:      layout_cave_pods, nemelex_xobeh_ov_fountains_minmay
D:8:      layout_loops_ring, tgw_sif, uniq_pikel, uniq_prince_ribbit1,
          uniq_psyche
Temple:   eino_wide_crystal_templ

Skill      XL: |  1  2  3  4  5  6  7  8  9 10 |
---------------+-------------------------------+-----
Fighting       | 2 3 4 5 6 7 8 |  8.0
Unarmed Combat | 4 5 7 9 10 | 10.3
Poison Magic   | 1 2 |  2.0
Transmutations | 2 3 4 |  4.0
Spellcasting   | 2 3 |  3.0
Shields        | 4 |  4.0
Ice Magic      | 3 4 |  4.0
Invocations    | 3 |  3.0
Dodging        | 3 |  3.0
Armour         | 1 5 |  5.0

Action                   |  1- 3 |  4- 6 |  7- 9 | 10-12 || total
-------------------------+-------+-------+-------+-------++-------
Melee: Unarmed           |    59 |    86 |   263 |    66 ||   474
       Kick              |     8 |     9 |     1 |       ||    18
       Headbutt          |     4 |     6 |       |       ||    10
 Fire: Hunting sling     |    24 |    53 |    28 |       ||   105
Throw: Dart              |       |     3 |       |       ||     3
 Cast: Beastly Appendage |    19 |    13 |     1 |       ||    33
       Spider Form       |       |     7 |    39 |     6 ||    52
       Ice Form          |       |       |    15 |     5 ||    20
Invok: Convert to Beogh  |     1 |       |       |       ||     1
  Use: Potion            |     2 |       |       |     2 ||     4
 Stab: Sleeping          |       |       |     1 |       ||     1
Armor: Robe              |     8 |       |       |       ||     8
       Leather armour    |     9 |    17 |     4 |     1 ||    31
       Skin              |     2 |     3 |    33 |    18 ||    56
Dodge: Dodged            |    33 |    46 |   185 |    48 ||   312

Table legend: (Time is in decaauts)
 A = Elapsed time spent in this place.
 B = Non-inter-level travel time spent in this place.
 C = Inter-level travel time spent in this place.
 D = Time resting spent in this place.
 E = Time spent auto-exploring this place.
 F = Levels seen in this place.
 G = Mean time per level.
                   A        B        C        D        E       F      G
               +--------+--------+--------+--------+--------+-----+--------+
         Total |  11181 |   9731 |   1450 |   2121 |   5177 |  10 | 1118.1 |
       Dungeon |  10669 |   9225 |   1444 |   1921 |   5168 |   8 | 1333.6 |
        Temple |     57 |     52 |      5 |      0 |      0 |   1 |   57.0 |
         Sewer |    454 |    454 |      0 |    200 |      9 |   1 |  454.0 |
               +--------+--------+--------+--------+--------+-----+--------+

Top non-repeatable levels by time:
     D:2: 1809 daAuts
     D:3: 1633 daAuts
     D:4: 1524 daAuts
     D:1: 1483 daAuts
     D:7: 1407 daAuts
     D:5: 1403 daAuts
     D:6: 1071 daAuts
   Sewer: 454 daAuts
     D:8: 336 daAuts
  Temple: 57 daAuts
